 Dungeon Crawl Stone Soup version 0.26-a0-812-g31a745ddcd (webtiles) character file.

Game seed: 2858624498194866725

2 Dracia the Sneak (level 1, -4/18 HPs)
             Began as a Demonspawn Delver on Dec 3, 2020.
             Slain by a worker ant (7 damage)
             ... on level 5 of the Dungeon.
             The game lasted 00:00:22 (35 turns).

Dracia the Sneak (Demonspawn Delver)                  Turns: 35, Time: 00:00:23

Health: -4/18      AC:  3    Str: 12    XL:     1   Next: 25%
Magic:  1/1        EV: 12    Int: 11    God:
Gold:   0          SH:  0    Dex: 14    Spells: 0/0 levels left

rFire    . . .     SeeInvis .   a - +0 spear
rCold    . . .     Faith    .   (no shield)
rNeg     . . .     Spirit   .   b - +0 leather armour
rPois    .         Reflect  .   (no helmet)
rElec    .         Harm     .   (no cloak)
rCorr    .         Rampage  .   (no gloves)
MR       .....                  (no boots)
Stlth    ++........             (no amulet)
HPRegen  0.06/turn              (no ring)
MPRegen  0.07/turn              (no ring)

@: no status effects
A: no striking features
a: no special abilities


You were on level 5 of the Dungeon.
You visited 1 branch of the dungeon, and saw 1 of its levels.


   Skills:
 - Level 3.0 Fighting
 + Level 2.0 Polearms
 - Level 1.7 Dodging
 - Level 4.5 Stealth


You couldn't memorise any spells.
You didn't know any spells.
Your spell library was empty.

Inventory:

Hand Weapons
 a - a +0 spear (weapon)
Armour
 b - a +0 leather armour (worn)
Wands
 g - a wand of digging (3)
Scrolls
 c - a scroll of fog
 d - a scroll of magic mapping
 e - a scroll of fear
Potions
 f - a potion of haste {@q3@q3}

Dungeon Overview and Level Annotations

Branches:
Dungeon (5/15)
 Temple: D:4-7

Altars:

####### ##### #.....#
#...# #.....# #...#
#.....# #...# .....
#.....# #...# .....
#.....# #>..# ......
#.....###...# ......
#.......#..@###..o...
#...(.#.#.Bo#........
#.....#.....#.......#
##......(..........#
#..>.................
#...........#........
#....................
##.........#.........
##...#....#####.###.


You could see a worker ant and an orc wizard (fast).


Message History

Welcome, Dracia the Demonspawn Delver.
It is said that the Orb of Zot exists deep within this dungeon.
Press ? for a list of commands and other information.
Found 17 stones.
Found a stone staircase leading down.
Found an escape hatch in the floor.
Found 15 arrows. 2 orcs come into view.
Unknown command.
An orc, an orc priest and an orc wizard come into view.
The orc wizard shouts!
The orc shouts!
You hear a shout!
The orc wizard casts a spell at you. The magic dart hits you.
A worker ant comes into view.
You reach to attack!
You hit the orc but do no damage. You completely miss the orc.
The orc misses you.
You hit the orc.
The orc is almost dead.
The orc hits you but does no damage.
The orc wizard casts a spell.
The orc wizard seems to speed up.
You barely miss the orc.
The orc is almost dead.
The worker ant barely misses you. The orc hits you.
You hit the orc.
You kill the orc!
Your Polearms skill increases to level 2!
The worker ant bites you!
* * * LOW HITPOINT WARNING * * *
The orc wizard closely misses you. The worker ant bites you!
You die...

Skill      XL: |  1 |
---------------+----+-----
Polearms       | 2 |  2.0
Fighting       | |  3.0
Dodging        | |  1.7
Stealth        | |  4.5

Action                   || total
-------------------------++-------
Melee: Spear             ||     5
Armor: Leather armour    ||     1
Dodge: Dodged            ||     3

Levels and vault maps discovered:
D:5:      layout_rooms

Notes
Turn   | Place    | Note
-------+----------+-------------------------------------------
     0 | D:5      | Dracia the Demonspawn Delver began the quest for the Orb.
     0 | D:5      | Reached XP level 1. HP: 18/18 MP: 1/1
    14 | D:5      | Noticed an orc wizard
    14 | D:5      | Noticed an orc priest
    25 | D:5      | Noticed a worker ant
    35 | D:5      | Reached skill level 2 in Polearms
    35 | D:5      | Slain by a worker ant

Vanquished Creatures
  An orc (D:5)
1 creature vanquished.

Table legend: (Time is in decaauts)
 A = Elapsed time spent in this place.
 B = Non-inter-level travel time spent in this place.
 C = Inter-level travel time spent in this place.
 D = Time resting spent in this place.
 E = Time spent auto-exploring this place.
 F = Levels seen in this place.
 G = Mean time per level.
                   A        B        C        D        E       F      G
               +--------+--------+--------+--------+--------+-----+--------+
         Total |     35 |     35 |      0 |      0 |      9 |   1 |   35.0 |
       Dungeon |     35 |     35 |      0 |      0 |      9 |   1 |   35.0 |
               +--------+--------+--------+--------+--------+-----+--------+

Top non-repeatable levels by time:
     D:5: 35 daAuts

Table legend:
 A = Non-vault XP
 B = Vault XP
 C = Vault XP percentage of total XP
 D = Non-vault monster count
 E = Vault monster count
 F = Vault count percentage of total count
                 A         B        C        D         E       F
            +---------+---------+-------+---------+---------+-------
      Total |       3 |       0 |   0.0 |       1 |       0 |   0.0
            +---------+---------+-------+---------+---------+-------
        D:5 |       3 |       0 |   0.0 |       1 |       0 |   0.0
            +---------+---------+-------+---------+---------+-------
